 Dungeon Crawl Stone Soup version 0.19-a0-82-gd3566c2 (webtiles) character file.

385 Duffy the Cudgeler (level 6, 0/34 HPs)
             Began as a Vine Stalker Fighter on May 16, 2016.
             Slain by a gnoll
             ... wielding a +0 halberd
              (5 damage)
             ... on level 5 of the Dungeon.
             The game lasted 00:03:21 (2794 turns).

Duffy the Cudgeler (Vine Stalker Fighter)           Turns: 2794, Time: 00:03:22

Health: 0/34       AC:  6    Str: 19    XL:     6   Next: 77%
Magic:  0/7        EV:  7    Int: 10    God:
Gold:   212        SH:  9    Dex: 13    Spells: 0 memorised, 5 levels left

rFire  + . .     SeeInvis +     a - +0 flail
rCold  . . .     Gourm    .     b - +0 scale mail
rNeg   . . .     Faith    .     c - +0 shield
rPois  .         Spirit   +     (no helmet)
rElec  .         Dismiss  .     (no cloak)
rCorr  .         Reflect  .     (no gloves)
SustAt .         Harm     .     (no boots)
MR     .....                    (no amulet)
Stlth  ..........               y - ring of see invisible
                                q - ring of protection from fire

@: not resistant to hostile enchantments, extremely unstealthy
A: fangs 2, regeneration 2, magic shield, antimagic bite, no device heal 3, rot
immunity
a: no special abilities


You were on level 5 of the Dungeon.
You were not hungry.

You visited 1 branch of the dungeon, and saw 5 of its levels.

You collected 212 gold pieces.


Innate Abilities, Weirdness & Mutations

You have extremely sharp teeth.
You heal very quickly.
When hurt, damage is shared between your health and your magic reserves.
Your bite disrupts and absorbs the magic of your enemies.
Potions and wands cannot restore your health.
You are immune to rotting.


   Skills:
 + Level 4.7 Fighting
 + Level 5.0 Maces & Flails
 - Level 2.4 Armour
 - Level 2.6 Shields


You had 5 spell levels left.
You didn't know any spells.

Inventory:

Hand Weapons
 a - a +0 flail (weapon)
Missiles
 F - 14 poisoned needles
Armour
 b - a +0 scale mail (worn)
 c - a +0 shield (worn)
Jewellery
 q - a ring of protection from fire (left hand)
 y - a ring of see invisible (right hand)
 D - an uncursed ring of resist corrosion {unknown}
Wands
 u - a wand of paralysis (7/24)
Scrolls
 i - a scroll of recharging {unknown}
 j - a scroll of immolation {unknown}
 k - 2 scrolls of fear {unknown}
 n - a scroll of amnesia {unknown}
 o - 2 scrolls of magic mapping {unknown}
 r - 2 scrolls of fog {unknown}
 v - 4 scrolls of identify {unknown}
 x - a scroll of remove curse {unknown}
 A - a scroll of enchant armour {unknown}
Potions
 d - 2 potions of might
 e - a potion of curing {unknown}
 g - a potion of flight {unknown}
 h - 3 potions of haste {unknown}
 l - 2 potions of brilliance {unknown}
 s - 2 potions of ambrosia {unknown}
 t - a potion of degeneration {unknown}
 z - a potion of mutation {unknown}
 C - a potion of cure mutation {unknown}
Comestibles
 f - 3 bread rations
 m - 3 meat rations
 p - a slice of pizza
 w - 4 fruits
 E - a beef jerky

Dungeon Overview and Level Annotations

Branches:
Dungeon (5/15)
 Temple: D:4-7

Altars:
Gozag

Shops:
D:4 (

Annotations:
D:4 Dowan, Duvessa, Eustachio, Natasha


Message History

You close the door.
A gnoll opens the door.
As you close the door, it creaks loudly!
A gnoll opens the door.
You close the door.
A gnoll opens the door.
You close the door.
A gnoll opens the door.
All of the chunks of flesh in your inventory have rotted away.
You close the door.
A gnoll opens the door.
You close the door.
A gnoll opens the door.
You close the door.
A gnoll opens the door.
You close the door.
A gnoll opens the door.
You close the door.
A gnoll opens the door.
You close the door.
A gnoll opens the door.
You close the door.
A gnoll opens the door.
You close the door.
A gnoll opens the door.
You close the door.
A gnoll opens the door.
You close the door.
A gnoll opens the door.
You close the door.
A gnoll opens the door.
As you close the door, it creaks loudly!
A gnoll opens the door.
As you close the door, it creaks loudly!
A gnoll opens the door.
You close the door.
A gnoll opens the door.
You block the gnoll's attack. The gnoll hits you with a spear.
There is an open door here.
You completely miss the gnoll. You bite the gnoll. You drain its power.
You feel invigorated.
The gnoll is lightly wounded.
The gnoll hits you but does no damage. The gnoll barely misses you.
You hit the gnoll but do no damage. Your bite misses the gnoll.
The gnoll is lightly wounded.
The gnoll hits you from afar with a halberd!
The gnoll hits you with a spear.
You sock the gnoll! You bite the gnoll. You drain its power.
You feel invigorated.
The gnoll is almost dead.
The gnoll hits you from afar with a halberd!
The gnoll hits you but does no damage.
Your shield prevents you from hitting the gnoll.
The gnoll is almost dead.
You block the gnoll's attack. The gnoll hits you but does no damage.
You block the gnoll's attack.
You hit the gnoll.
You kill the gnoll!
The gnoll hits you from afar with a halberd.
You block the gnoll's attack.
You see here a spear.
You hit the gnoll. Your bite misses the gnoll.
The gnoll is moderately wounded.
The gnoll hits you with a halberd!
You die...

#.##.......#.......## ##.#.#.#
##.........#.........####....#.#
...........+.........'.........#
####.......#.........####...#.##
#......###.......## ##.##.#
#.#...## ##.....## ####.#
#.##)## ##...## #.# #.#### ##'##
#.# #.# ####@###### #.# #.#
#...g.....# #.# #.# #.##.####.#
#.# #.# #.#...###.# #.# #.#
#......##.#######.# #.#####
#.#...............#
#.....####.........#########
#####..........#####
#########.##


You could see a gnoll.

Action                   |  1- 3 |  4- 6 || total
-------------------------+-------+-------++-------
Melee: Flail             |   102 |   120 ||   222
       Bite              |    32 |    31 ||    63
  Eat: Chunk             |       |     6 ||     6
Armor: Scale mail        |    38 |    45 ||    83
Dodge: Dodged            |    28 |    34 ||    62
Block: Shield            |    56 |    66 ||   122

Notes
Turn   | Place    | Note
--------------------------------------------------------------
     0 | D:1      | Duffy the Vine Stalker Fighter began the quest for the Orb.
     0 | D:1      | Reached XP level 1. HP: 11/11 MP: 2/2
    84 | D:1      | Reached skill level 2 in Maces & Flails
   262 | D:1      | Reached XP level 2. HP: 15/16 MP: 3/3
   540 | D:1      | Reached skill level 3 in Maces & Flails
   580 | D:1      | Reached XP level 3. HP: 19/19 MP: 4/4
   848 | D:2      | Reached skill level 3 in Fighting
   920 | D:2      | Reached XP level 4. HP: 23/24 MP: 3/5
   946 | D:2      | Found an opulent altar of Gozag.
  1940 | D:4      | Noticed Duvessa
  1940 | D:4      | Noticed Dowan
  1940 | D:4      | Noticed Eustachio
  1941 | D:4      | Noticed Natasha
  1946 | D:5      | Entered Level 5 of the Dungeon
  2005 | D:5      | Noticed a centaur
  2020 | D:5      | Killed a centaur
  2020 | D:5      | Reached skill level 4 in Maces & Flails
  2020 | D:5      | Reached XP level 5. HP: 11/29 MP: 3/6
  2132 | D:5      | Reached skill level 4 in Fighting
  2338 | D:5      | Gained mutation: You heal very quickly. [Vine Stalker growth]
  2338 | D:5      | Reached XP level 6. HP: 32/33 MP: 7/7
  2423 | D:4      | Found Asofaon's Weapon Shoppe.
  2741 | D:5      | Reached skill level 5 in Maces & Flails
  2794 | D:5      | Slain by a gnoll

Skill      XL: |  1  2  3  4  5  6 |
---------------+-------------------+-----
Maces & Flails | 2 3 4 5 |  5.0
Fighting       | 3 4 |  4.7
Armour         | |  2.4
Shields        | |  2.6

Vault maps used:
D:1:      dpeg_arrival_yet_another_circle
D:2:      overflow_temple_1_default
D:4:      serial_shops, shop_fountains, uniq_edmund, uniq_duvessa,
          uniq_eustachio, uniq_natasha
D:5:      minmay_temple_entry_poolview, first_bread, uniq_menkaure

Vanquished Creatures
  A centaur
  A giant frog zombie
  2 jellies
  3 worker ants
  3 gnolls
  4 adders
  2 oozes
  2 worms
  2 dart slugs
  A giant gecko
  An orc
  5 bats
  4 giant cockroaches
  3 goblins
  9 hobgoblins
  4 jackals
  2 quokkas
  2 ball pythons
  3 giant newts
  3 kobolds
  A quokka skeleton
  5 rats
63 creatures vanquished.
